 Dungeon Crawl Stone Soup version 0.28.0-53-g5a82cb258f (webtiles) character file.

Game seed: 7779971277769908556

10 SanguineChosen the Skirmisher (level 2, -2/24 HPs)
             Began as a Demonspawn Abyssal Knight on June 3, 2022.
             Was a Follower of Lugonu.
             Slain by a hobgoblin (3 damage)
             ... on level 2 of the Dungeon.
             The game lasted 00:03:44 (158 turns).

SanguineChosen the Skirmisher (DsAK)                 Turns: 158, Time: 00:03:45

Health: -2/24      AC:  3    Str: 13    XL:     2   Next: 10%
Magic:  3/3        EV: 11    Int: 11    God:    Lugonu [*.....]
Gold:   0          SH:  0    Dex: 13    Spells: 1/1 levels left

rFire   . . .      SeeInvis .   a - +1 mace
rCold   . . .      Faith    .   (no shield)
rNeg    . . .      Spirit   .   b - +0 leather armour
rPois   .          Reflect  .   (no helmet)
rElec   .          Harm     .   (no cloak)
rCorr   .          Rampage  .   (no gloves)
Will    .....                   (no boots)
Stlth   +.........              (no amulet)
HPRegen 0.08/turn               (no ring)
MPRegen 0.08/turn               (no ring)

@: no status effects
A: hooves 1
a: Renounce Religion, Depart the Abyss


You were on level 2 of the Dungeon.
You worshipped Lugonu.
Lugonu was aware of your devotion.
You visited 1 branch of the dungeon, and saw 2 of its levels.
You visited the Abyss 1 time.

Inventory:

Hand Weapons
 a - a +1 mace (weapon)
Armour
 b - a +0 leather armour (worn)


   Skills:
 + Level 3.4 Fighting
 + Level 2.0 Maces & Flails
 + Level 1.7 Armour
 + Level 0.8 Dodging
 + Level 2.4 Invocations


You had one spell level left.
You didn't know any spells.
Your spell library was empty.

Dungeon Overview and Level Annotations

Branches:
Dungeon (1/15)

Altars:


Innate Abilities, Weirdness & Mutations

You have large cloven feet.


Message History

The jackal bites you.
* * * LOW HITPOINT WARNING * * *
You hit the jackal.
The jackal is severely wounded.
The jackal bites you but does no damage.
The jackal bites you.
* * * LOW HITPOINT WARNING * * *
You miss the jackal. You kick the jackal.
You kill the jackal!
Lugonu accepts your kill.
The jackal bites you but does no damage.
You closely miss the jackal. You kick the jackal.
The jackal is lightly wounded.
The jackal closely misses you. The jackal bites you.
* * * LOW HITPOINT WARNING * * *
The jackal bites you but does no damage.
The jackal closely misses you. The jackal bites you.
* * * LOW HITPOINT WARNING * * *
You barely miss the quokka. The jackal closely misses you.
An endoplasm comes into view.
The quokka bites you.
* * * LOW HITPOINT WARNING * * *
You barely miss the jackal.
The endoplasm quivers.
You kick the jackal.
The jackal is heavily wounded.
The jackal completely misses you. The quokka barely misses you.
The jackal bites you but does no damage.
The quokka bites you but does no damage.
You hit the jackal. Your kick misses the jackal.
The jackal is almost dead.
The jackal closely misses you. The quokka bites you.
* * * LOW HITPOINT WARNING * * *
The jackal misses you.
You hit the jackal but do no damage. You kick the jackal, but do no damage.
The jackal is almost dead.
The jackal bites you but does no damage.
The quokka closely misses you. The hobgoblin hits you.
You die...

.# .# .# #.## #
...#
#.###...####
#.#........#
#...@g.J....
###rhg.....#
#.....##.#
#.>.......
#####..#....##
#......#......
....####.#....##
## #[#......
#!†......


You could see an endoplasm, a quokka, a jackal, a hobgoblin and a goblin.

Vanquished Creatures
  A dart slug (D:1)
  A hobgoblin (D:2)
  3 jackals (D:2)
  A quokka (D:1)
  A rat (D:2)
7 creatures vanquished.

Notes
Turn   | Place    | Note
-------+----------+-------------------------------------------
     0 | Abyss:1  | SanguineChosen the Demonspawn Abyssal Knight began the
                  | quest for the Orb.
     0 | Abyss:1  | Reached XP level 1. HP: 18/18 MP: 2/2
    11 | D:1      | Escaped the Abyss
   122 | D:1      | You fall into a shaft and drop 1 floor!
   140 | D:2      | Gained mutation: You have large cloven feet. [demonic
                  | ancestry]
   140 | D:2      | Reached XP level 2. HP: 10/24 MP: 3/3
   157 | D:2      | HP: 1/24 [quokka (2)]
   158 | D:2      | Slain by a hobgoblin

Illustrated notes

Levels and vault maps discovered:
D:1:      amcnicky_arrival_single_pillar, layout_loops_ring,
          hellmonk_ecumenical_altar_leap_of_faith
D:2:      layout_loops_ring, minmay_pentomino_t2, uniq_robin

Skill      XL: |  1 |
---------------+----+-----
Maces & Flails | 2 |  2.0
Fighting       | |  3.4
Armour         | |  1.7
Dodging        | |  0.8
Invocations    | |  2.4

Action                   || total
-------------------------++-------
Melee: Mace              ||    33
       Punch             ||     1
       Kick              ||     4
Armor: Leather armour    ||    19
Dodge: Dodged            ||    42
